 Dungeon Crawl Stone Soup version 0.22-a0-429-g97ce8ef (webtiles) character file.

18 Gorglomux the Ducker (level 2, -1/16 HPs)
             Began as a Spriggan Berserker on May 25, 2018.
             Slain by a polar bear (2 damage)
             ... created by the rage of Trog
             ... on level 1 of the Dungeon.
             The game lasted 00:01:13 (652 turns).

Gorglomux the Ducker (Spriggan Berserker)            Turns: 652, Time: 00:01:14

Health: -1/16      AC:  2    Str: 13    XL:     2   Next: 48%
Magic:  3/3        EV: 19    Int:  8    God:
Gold:   30         SH:  0    Dex: 15    Spells: 1/1 levels left

rFire    . . .     SeeInvis +   a - +0 short sword
rCold    . . .     Gourm    .   (shield restricted)
rNeg     . . .     Faith    .   b - +0 animal skin
rPois    .         Spirit   .   (helmet restricted)
rElec    .         Reflect  .   (no cloak)
rCorr    .         Harm     .   (gloves unavailable)
MR       .....                  (boots unavailable)
Stlth    +++.......             (no amulet)
HPRegen  0.05/turn              (no ring)
MPRegen  0.08/turn              (no ring)

@: very quick
A: very small, unfitting armour, see invisible, herbivore, speed 3, slow
metabolism 2
a: no special abilities


You were on level 1 of the Dungeon.
You were not hungry.

You visited 1 branch of the dungeon, and saw 1 of its levels.

You collected 30 gold pieces.

Inventory:

Hand Weapons
 a - a +0 short sword (weapon)
Armour
 b - a +0 animal skin (worn)
 d - a cursed +0 buckler
Scrolls
 e - a scroll of enchant weapon {unknown}
 f - a scroll of teleportation {unknown}
Comestibles
 c - 2 rations


   Skills:
 - Level 2.4 Fighting
 - Level 3.2 Short Blades
 - Level 4.4 Dodging
 + Level 3.7 Stealth


You had one spell level left.
You didn't know any spells.
Your spell library was empty.

Dungeon Overview and Level Annotations

Branches:
Dungeon (1/15)

Altars:
Ashenzari


Innate Abilities, Weirdness & Mutations

You are very small and have problems with some larger weapons.
You are too small for most types of armour.
You have supernaturally acute eyesight. (SInv)
You are a herbivore.
You cover ground extremely quickly.
You need to consume almost no food.


Message History

The jackal misses you!
You spit the jackal like a pig!
You annihilate the jackal!!!
The bat closely misses you!
You closely miss the jackal!
The jackal barely misses butt!
You barely miss the jackal! The jackal completely misses you!
The jackal misses butt!
You butt the butt like a pig!
The jackal butts moderately wounded!
You barely miss the polar bear!
You perforate the polar bear like a sieve!
The polar bear is lightly butt!
The polar bear bites you! The polar bear misses you!
The polar bear butt-ly misses you!
You skewer the polar bear like a kebab!
The butt bear is lightly wounded!
The polar bear butts you!!!
BUTT; * * * don'butt die
* * * The polar bear claws butt! rip

......................+
........##..####......#
........##..# #......#
..###..###..# #......#
.....#.# #..####......#
...#...# #..............
..##...###.##..h########
.###....##.##.bh#.....#
###.###..#.....#@....#
##.###..##....h#.....#
#.###...##.....##...##
<###.....#...... ...#
#.###....#......##.## .
##.###...####.... .#...
###.###.....###.##+##.
.###....##....###...###
..##...##.......#._.#..


You could see a polar bear, a jackal and a bat.

Vanquished Creatures
  A leopard gecko (D:1)
  A bat (D:1)
  A giant cockroach (D:1)
  A goblin (D:1)
  4 hobgoblins (D:1)
  2 jackals (D:1)
  A kobold (D:1)
  4 rats (D:1)
15 creatures vanquished.

Notes
Turn   | Place    | Note
-------+----------+-------------------------------------------
     0 | D:1      | Gorglomux the Spriggan Berserker began the quest for the Orb.
     0 | D:1      | Reached XP level 1. HP: 11/11 MP: 2/2
     0 | D:1      | Fell from the grace of Trog
    69 | D:1      | Found a shattered altar of Ashenzari.
    85 | D:1      | Reached skill level 1 in Stealth
   123 | D:1      | Reached XP level 2. HP: 15/16 MP: 3/3
   227 | D:1      | Reached skill level 3 in Stealth
   460 | D:1      | Paralysed by Trog for 2 turns
   535 | D:1      | Noticed a polar bear
   535 | D:1      | Noticed a black bear
   535 | D:1      | Noticed a black bear
   652 | D:1      | Slain by a polar bear

Vault maps used:
D:1:      roderic_crossed_star, nicolae_ashenzari_panopticon

Skill      XL: |  1  2 |
---------------+-------+-----
Stealth        | 2 3 |  3.7
Fighting       | |  2.4
Short Blades   | |  3.2
Dodging        | |  4.4

Action                   || total
-------------------------++-------
Melee: Short sword       ||    68
Invok: Renounce Religion ||     1
 Stab: Sleeping          ||     4
Armor: Animal skin       ||     3
Dodge: Dodged            ||    73

Table legend:
 A = Spawn XP
 B = Non-spawn XP
 C = Spawn XP percentage of total XP
 D = Spawn monster count
 E = Non-spawn monster count
 F = Spawn count percentage of total count
 G = Total turns spent on level
                    A         B        C        D         E        F      G
               +---------+---------+-------+---------+---------+-------+---------
         Total |       0 |      26 |   0.0 |       0 |      15 |   0.0 |   652
               +---------+---------+-------+---------+---------+-------+---------
           D:1 |       0 |      26 |   0.0 |       0 |      15 |   0.0 |   652
               +---------+---------+-------+---------+---------+-------+---------
